[Event "Titled Tuesday Blitz February 21 Late 2023"]
[White "Seletsky, Grigory"]
[Black "Simonovic, Miroslav"]
[WhiteFideId "14112191"]
[BlackFideId "919152"]
[WhiteElo "2259"]
[BlackElo "2082"]
[Result "1-0"]
[Round "03"]
[TimeControl "180+2"]
[Date "2023.02.21"]
[WhiteClock "0:00:10"]
[BlackClock "0:00:02"]

1. e4 c5 2. Nc3 Nc6 3. d3 g6 4. Be3 d6 5. d4 cxd4 6. Bxd4 Nxd4 7. Qxd4 Nf6 8. e5 dxe5 9. Bb5+ Bd7 10. Qxe5 Bg7 11. O-O-O O-O 12. Bxd7 Nxd7 13. Qb5 Qb6 14. Rxd7 Qxf2 15. Nge2 Qxg2 16. Qxb7 Qf2 17. Rxe7 Rae8 18. Rd1 Qxh2 19. Qxa7 Bf6 20. Rxe8 Rxe8 21. Re1 Qh6+ 22. Kb1 Bxc3 23. bxc3 Qd2 24. Qg1 Rxe2 25. Rxe2 Qxe2 26. a4 h5 27. Qb6 Kg7 28. a5 h4 29. a6 h3 30. a7 Qf1+ 31. Kb2 h2 32. a8=Q h1=Q 33. Qd4+ f6 34. Qd7+ Kh6 35. Qh8+ Kg5 36. Qd2+ Kf5 37. Qc8+ Ke5 38. Qc5+ Ke6 39. Qdd6+ Kf7 40. Qcc7+ Kg8 41. Qdd8# 1-0


[Site "https://www.chess.com"]

[Event "Titled Tuesday Blitz February 21 Late 2023"]
[White "Wang, Alexander J"]
[Black "Grot, Blazej"]
[WhiteFideId "30955270"]
[BlackFideId "21835845"]
[WhiteElo "1815"]
[BlackElo "1990"]
[Result "1-0"]
[Round "03"]
[TimeControl "180+2"]
[Date "2023.02.21"]
[WhiteClock "0:00:58"]
[BlackClock "0:00:43"]

1. e4 d6 2. d4 Nf6 3. Nc3 Nbd7 4. Nf3 e5 5. Be2 Be7 6. O-O O-O 7. h3 c6 8. Be3 Qc7 9. a4 b6 10. Qd2 Bb7 11. Rad1 a6 12. Bg5 b5 13. axb5 axb5 14. Bd3 b4 15. Ne2 c5 16. dxe5 dxe5 17. b3 Rad8 18. Ng3 h6 19. Be3 Nb6 20. Qe2 Rfe8 21. Nd2 Bf8 22. Nf5 Bc8 23. Qf3 Bxf5 24. Qxf5 Qd7 25. Qf3 Qe6 26. Nc4 Nxc4 27. Bxc4 Qe7 28. Ra1 Ra8 29. Rxa8 Rxa8 30. Rd1 g6 31. Kh2 Rd8 32. Ra1 Bg7 33. Ra6 Rd7 34. Bxh6 Bxh6 35. Qxf6 Qxf6 36. Rxf6 Bf4+ 37. g3 Bg5 38. Rxg6+ Kf8 39. Rxg5 Rd2 40. Kg2 Rxc2 41. Rxe5 f6 42. Rxc5 Kg7 43. Rb5 Re2 44. Rxb4 Rd2 45. Rb5 Kh7 46. Rd5 Kh6 47. Rxd2 1-0


[Site "https://www.chess.com"]

[Event "Titled Tuesday Blitz February 21 Late 2023"]
[White "Hernandez Jimenez, Alexander Andres"]
[Black "Gatterer, Florian"]
[WhiteFideId "3900452"]
[BlackFideId "811688"]
[WhiteElo "2134"]
[BlackElo "2170"]
[Result "1/2-1/2"]
[Round "03"]
[TimeControl "180+2"]
[Date "2023.02.21"]
[WhiteClock "0:02:23"]
[BlackClock "0:02:35"]

1. e4 c5 2. Nf3 e6 3. d4 cxd4 4. Nxd4 Nf6 5. Nc3 Nc6 6. Ndb5 Bc5 7. Nd6+ Ke7 8. Nxc8+ Rxc8 9. Be2 Re8 10. O-O Kf8 11. a3 d5 12. exd5 Nxd5 13. Ne4 Be7 14. c4 Nf6 15. Bf3 Qxd1 16. Rxd1 Red8 1/2-1/2


[Site "https://www.chess.com"]

[Event "Titled Tuesday Blitz February 21 Late 2023"]
[White "Curtis, John"]
[Black "Meunier-Pion, Jean"]
[WhiteFideId "3200256"]
[BlackFideId "20685327"]
[WhiteElo "2292"]
[BlackElo "2215"]
[Result "0-1"]
[Round "03"]
[TimeControl "180+2"]
[Date "2023.02.21"]
[WhiteClock "0:02:54"]
[BlackClock "0:03:00"]

1. e4 c5 2. Nf3 d6 3. d4 cxd4 4. Nxd4 Nf6 5. Nc3 a6 6. Bg5 Nbd7 7. f4 Qc7 8. Qf3 h6 9. Bxf6 Nxf6 10. O-O-O Bg4 0-1


[Site "https://www.chess.com"]

[Event "Titled Tuesday Blitz February 21 Late 2023"]
[White "Marin Ramirez, Gerardo"]
[Black "Ansh M Shah"]
[WhiteFideId "3901068"]
[BlackFideId "25033379"]
[WhiteElo "2127"]
[BlackElo "2171"]
[Result "1-0"]
[Round "03"]
[TimeControl "180+2"]
[Date "2023.02.21"]
[WhiteClock "0:00:20"]
[BlackClock "0:00:20"]

1. d4 Nf6 2. Nf3 e6 3. c4 d5 4. Nc3 Be7 5. Bg5 O-O 6. e3 c6 7. Bd3 Nbd7 8. O-O h6 9. Bh4 dxc4 10. Bxc4 b5 11. Bd3 Bb7 12. Rc1 a6 13. a3 c5 14. Bb1 Rc8 15. Qe2 Nd5 16. Bg3 N7f6 17. Nxd5 Bxd5 18. Rfd1 cxd4 19. Nxd4 Rxc1 20. Rxc1 Qa8 21. f3 Rc8 22. Rd1 Bc5 23. Qd3 Bc4 24. Qd2 Qa7 25. Bf2 g6 26. Qe1 Nd5 27. b3 Bxd4 28. bxc4 Bxe3 29. cxd5 Bxf2+ 30. Qxf2 Qxf2+ 31. Kxf2 exd5 32. Rxd5 Rc3 33. a4 b4 34. a5 Rc1 35. Bd3 Rd1 36. Ke2 Rg1 37. Bxa6 Rxg2+ 38. Ke3 Rxh2 39. Bc4 Rc2 40. Kd3 Rc3+ 41. Kd4 Rxf3 42. a6 Ra3 43. Rd7 b3 44. Rb7 h5 45. Rxb3 Ra5 46. Rb7 h4 47. a7 h3 48. Bd5 h2 49. Rb8+ Kg7 50. a8=Q Rxa8 51. Rxa8 Kf6 52. Ke3 Kg5 53. Kf2 f5 54. Kg2 Kf4 55. Kxh2 g5 56. Be6 g4 57. Bxf5 g3+ 58. Kg2 Kxf5 59. Kxg3 Ke5 60. Ra4 Kd6 61. Kf4 Kd5 62. Ke3 Kc5 63. Ke4 Kb5 64. Rd4 Kc5 65. Ke5 Kc6 66. Rc4+ Kb5 67. Kd5 Kb6 68. Kd6 Kb5 69. Rd4 Kb6 70. Rb4+ Ka5 71. Kc5 Ka6 72. Kc6 Ka5 73. Rc4 Ka6 74. Ra4# 1-0


[Site "https://www.chess.com"]

[Event "Titled Tuesday Blitz February 21 Late 2023"]
[White "Tarnowska, Aleksandra"]
[Black "Kielinkei"]
[WhiteFideId "1180967"]
[WhiteElo "1835"]
[BlackElo "2387"]
[Result "0-1"]
[Round "03"]
[TimeControl "180+2"]
[Date "2023.02.21"]
[WhiteClock "0:00:01"]
[BlackClock "0:00:05"]

1. e4 Nf6 2. e5 Nd5 3. Bc4 Nb6 4. Bb3 d5 5. f4 c5 6. c3 c4 7. Bc2 Nc6 8. Nf3 Bg4 9. O-O d4 10. d3 cxd3 11. Bxd3 e6 12. h3 Bxf3 13. Qxf3 Bc5 14. Kh1 O-O 15. Nd2 dxc3 16. bxc3 Nd5 17. Ne4 Be7 18. Qh5 g6 19. Qf3 Rc8 20. Bb2 Na5 21. Rad1 Qb6 22. Ba1 Nc4 23. Rde1 Qa5 24. g4 Qxa2 25. f5 Nxe5 26. Qg3 Nxd3 27. Qxd3 exf5 28. gxf5 Qc4 29. Qg3 Nf6 30. Ng5 Qc6+ 31. Rf3 Bd6 32. Qh4 Rfe8 33. Rf1 Be5 34. fxg6 fxg6 35. Qh6 Rc7 36. Qh4 Rf8 37. c4 Bxa1 38. Rxa1 Re7 39. Rf1 Qd6 40. Kg1 Qc6 41. Rf4 Qb6+ 42. Kh1 Qd6 43. R4f3 a5 44. c5 Qc6 45. Kh2 Qc7+ 46. Kh1 Qc6 47. Qc4+ Kg7 48. Kh2 Qc7+ 49. Kh1 Qc6 50. Kh2 a4 51. Qb4 Qc7+ 52. Kh1 Qc6 53. Qc4 Qc7 54. h4 a3 55. Kg1 Qd7 56. h5 gxh5 57. Qh4 Kh8 58. Rf5 Re2 59. Qc4 Qg7 60. Qc3 Ree8 61. Kh1 Nd7 62. Qxa3 Re2 63. Qg3 Rxf5 64. Rxf5 Qa1+ 65. Qg1 Re1 66. Rf8+ Kg7 67. Ne6+ Kh6 68. Rf6+ Nxf6 69. Nf4 Rxg1+ 0-1


[Site "https://www.chess.com"]

[Event "Titled Tuesday Blitz February 21 Late 2023"]
[White "Adel, Sara"]
[Black "Carrasco Miranda, Andres"]
[WhiteFideId "10616764"]
[BlackFideId "3405990"]
[WhiteElo "1739"]
[BlackElo "2240"]
[Result "1-0"]
[Round "03"]
[TimeControl "180+2"]
[Date "2023.02.21"]
[WhiteClock "0:01:10"]
[BlackClock "0:01:46"]

1. e4 c5 2. Nf3 d6 3. d4 cxd4 4. Nxd4 Nf6 5. Nc3 a6 6. f3 e5 7. Nb3 Be7 8. Be3 Be6 9. Qd2 h5 10. h3 Nbd7 11. O-O-O Rc8 12. Bd3 h4 13. f4 exf4 14. Bxf4 Ne5 15. Nd4 b5 16. Nxe6 fxe6 17. Bxe5 dxe5 18. Qg5 b4 19. Bb5+ axb5 20. Rxd8+ Rxd8 21. Nxb5 O-O 22. Qxe5 Rf7 23. Qxe6 Nh5 24. Rf1 Nf4 25. Rxf4 Bg5 26. Qxf7+ Kh7 27. Qh5+ Bh6 28. Qf5+ Kh8 29. c3 g6 1-0


[Site "https://www.chess.com"]

[Event "Titled Tuesday Blitz February 21 Late 2023"]
[White "Michalski, Olaf"]
[Black "Uzcategui Rodriguez, Alejandro"]
[WhiteFideId "1106740"]
[BlackFideId "3903400"]
[WhiteElo "2273"]
[BlackElo "2255"]
[Result "1-0"]
[Round "03"]
[TimeControl "180+2"]
[Date "2023.02.21"]
[WhiteClock "0:00:08"]
[BlackClock "0:01:08"]

1. d4 Nf6 2. c4 e6 3. Nf3 d5 4. Nc3 dxc4 5. e4 Bb4 6. e5 Ne4 7. Qc2 Nxc3 8. bxc3 Be7 9. Bxc4 c5 10. O-O O-O 11. Rd1 Qc7 12. Qe4 cxd4 13. Bd3 g6 14. cxd4 Bd7 15. Bh6 Re8 16. Ng5 Bc6 17. Qf4 Bxg5 18. Qxg5 Nd7 19. h4 Qd8 20. Qg4 f5 21. exf6 Qxf6 22. h5 Nf8 23. Bg5 Qf7 24. h6 Nd7 25. Re1 Nf6 26. Qh3 Nd5 27. g3 Rf8 28. f4 Rae8 29. Bc4 Qf5 30. Qxf5 exf5 31. Re5 Rxe5 32. dxe5 Re8 33. Rd1 Kf8 34. Bxd5 Ba4 35. Rd3 Rc8 36. Bb3 Bb5 37. Rd6 Rc1+ 38. Kf2 Bc6 39. Rf6+ Ke8 40. Rf7 a5 41. Rxh7 a4 42. Bf7+ Kd7 43. e6+ Kc7 44. Bxg6+ Kb6 45. Bxf5 Rc2+ 46. Ke3 Rc4 47. Kd3 Bb5 48. Kd2 Rd4+ 49. Ke3 Rd5 50. Be4 Rd1 51. e7 Re1+ 52. Kd4 Rd1+ 53. Ke5 a3 54. f5 Rd2 55. f6 Rxa2 56. f7 Re2 57. e8=Q a2 58. Qd8+ Ka6 59. Qa8+ Kb6 60. Qxa2 Rxa2 61. f8=Q Ra5 62. Qd6+ Bc6+ 63. Kf4 Ra4 64. Qxc6+ bxc6 65. Rg7 Ra1 66. Rg6 Rg1 67. Ke5 Rf1 68. Rxc6+ Kb5 69. Rc3 Rg1 70. Rf3 Ra1 71. Rf6 Ra5 72. h7 Kc4+ 73. Kf4 Ra8 74. h8=Q Rxh8 75. Bh4 Rd8 76. Rc6+ Kb5 77. Bxd8 Kb4 78. Ke5 Kb5 79. Kd5 Kb4 80. Rc5 Ka4 81. Kc4 Ka3 82. Rb5 Ka2 83. Kc3 Ka1 84. Rb3 Ka2 85. Kc2 Ka1 86. Ra3# 1-0


[Site "https://www.chess.com"]

[Event "Titled Tuesday Blitz February 21 Late 2023"]
[White "Nunez V, Gustavo Eduardo"]
[Black "Levine, David"]
[WhiteFideId "4403690"]
[BlackFideId "2011611"]
[WhiteElo "2212"]
[BlackElo "2040"]
[Result "1-0"]
[Round "03"]
[TimeControl "180+2"]
[Date "2023.02.21"]
[WhiteClock "0:01:30"]
[BlackClock "0:00:03"]

1. e4 e5 2. Nc3 Nf6 3. g3 Bc5 4. Bg2 d6 5. h3 Nc6 6. Nge2 a6 7. O-O O-O 8. Kh2 Re8 9. d3 h6 10. Be3 Nd4 11. Qd2 c6 12. g4 Nxe2 13. Nxe2 Bxe3 14. fxe3 d5 15. exd5 Nxd5 16. Ng3 Be6 17. Rae1 Qb6 18. b3 Rad8 19. Be4 Qb4 20. Qf2 Nc3 21. a4 Nxe4 22. Nxe4 Rd7 23. Re2 Bd5 24. Ng3 Be6 25. Nf5 Bxf5 26. Qxf5 Rde7 27. e4 Qd4 28. Ref2 Qd7 29. Qh5 Rf8 30. h4 Qe6 31. g5 hxg5 32. Rg1 1-0


[Site "https://www.chess.com"]

[Event "Titled Tuesday Blitz February 21 Late 2023"]
[White "Krzywda, Andrzej"]
[Black "Marin Masis, Jose Esteban"]
[WhiteFideId "1114565"]
[BlackFideId "6508146"]
[WhiteElo "2223"]
[BlackElo "1938"]
[Result "1-0"]
[Round "03"]
[TimeControl "180+2"]
[Date "2023.02.21"]
[WhiteClock "0:02:28"]
[BlackClock "0:01:51"]

1. e4 c5 2. Nf3 Nc6 3. Nc3 Nf6 4. Bb5 a6 5. Bxc6 bxc6 6. O-O g6 7. e5 Nd5 8. Nxd5 cxd5 9. d4 c4 10. b3 cxb3 11. axb3 Bg7 12. h4 d6 13. h5 Bg4 14. h6 Bf8 15. Qd3 Bxf3 16. Qxf3 dxe5 17. dxe5 e6 18. c4 dxc4 19. Qc6+ 1-0


[Site "https://www.chess.com"]

[Event "Titled Tuesday Blitz February 21 Late 2023"]
[White "Sarkar, Justin"]
[Black "Marcolino, Daniel Mattos"]
[WhiteFideId "2010011"]
[BlackFideId "2106841"]
[WhiteElo "2309"]
[BlackElo "2006"]
[Result "1-0"]
[Round "03"]
[TimeControl "180+2"]
[Date "2023.02.21"]
[WhiteClock "0:00:06"]
[BlackClock "0:00:06"]

1. e4 c6 2. Nf3 d5 3. Nc3 Bg4 4. d4 dxe4 5. Nxe4 Nd7 6. Bc4 Ngf6 7. h3 Bxf3 8. Qxf3 e6 9. c3 Nxe4 10. Qxe4 Nf6 11. Qe2 Bd6 12. a4 a5 13. Bd2 Qb6 14. Rb1 Qc7 15. O-O Bf4 16. Be1 O-O 17. h4 h5 18. g3 Bh6 19. f3 Rfe8 20. Qe5 Qxe5 21. dxe5 Nd7 22. f4 g6 23. Bf2 Red8 24. Rfd1 Kf8 25. Rd3 Ke8 26. Rbd1 Bf8 27. Kf1 Nc5 28. Rxd8+ Rxd8 29. Rxd8+ Kxd8 30. b3 Kc7 31. Ke2 Ne4 32. Be1 Bc5 33. Kf3 f5 34. Bxe6 1-0


[Site "https://www.chess.com"]

[Event "Titled Tuesday Blitz February 21 Late 2023"]
[White "Kostiukov, Alexandr"]
[Black "Calcada, Lucas Galvan"]
[WhiteFideId "14108100"]
[BlackFideId "22746099"]
[WhiteElo "2271"]
[BlackElo "1739"]
[Result "0-1"]
[Round "03"]
[TimeControl "180+2"]
[Date "2023.02.21"]
[WhiteClock "0:00:03"]
[BlackClock "0:00:06"]

1. e4 c5 2. Nf3 d6 3. d4 cxd4 4. Nxd4 Nf6 5. Nc3 a6 6. Be2 e6 7. Rg1 Qc7 8. g4 Nfd7 9. g5 Nc6 10. Be3 b5 11. a3 Rb8 12. h4 Nc5 13. f3 Bd7 14. Kf2 Be7 15. h5 g6 16. hxg6 hxg6 17. Rh1 Rg8 18. Rh7 Ne5 19. Qh1 Nc4 20. Rh8 Rxh8 21. Qxh8+ Bf8 22. Bf4 Nxb2 23. Nd5 exd5 24. exd5 Qb6 25. c3 Nbd3+ 26. Bxd3 Nxd3+ 27. Kg3 Nxf4 28. Kxf4 Kd8 29. Qxf8+ Kc7 30. Qxf7 Re8 31. Ne6+ Kc8 32. Re1 Qf2 33. Re4 Qd2+ 34. Kg3 Qc1 35. Re2 Qg1+ 36. Kf4 Qc1+ 37. Ke4 Qxc3 38. Qf6 Qc4+ 39. Ke3 Qxd5 40. Rc2+ Kb7 41. Rc7+ Kb6 0-1


[Site "https://www.chess.com"]

[Event "Titled Tuesday Blitz February 21 Late 2023"]
[White "Abdyzhaparov, Aidar"]
[Black "Avgoustopoulos, Christian"]
[WhiteFideId "13800361"]
[BlackFideId "2122294"]
[WhiteElo "1978"]
[BlackElo "1969"]
[Result "1-0"]
[Round "03"]
[TimeControl "180+2"]
[Date "2023.02.21"]
[WhiteClock "0:00:20"]
[BlackClock "0:00:03"]

1. Nf3 d6 2. c4 e5 3. d4 Nc6 4. dxe5 Nxe5 5. Nxe5 dxe5 6. Qxd8+ Kxd8 7. Nc3 c6 8. g3 Be6 9. b3 Bb4 10. Bb2 f6 11. O-O-O+ Kc7 12. Bg2 Ne7 13. a3 Bxc3 14. Bxc3 Rad8 15. Kc2 Rxd1 16. Rxd1 Rd8 17. Rxd8 Kxd8 18. e4 Kc7 19. Bf1 Bg4 20. b4 Nc8 21. Kd3 b6 22. Ke3 Nd6 23. c5 Nb5 24. Bb2 Kb7 25. Bc4 Nc7 26. f4 exf4+ 27. gxf4 Be6 28. Bd3 Kc8 29. h4 Bg4 30. f5 Kd7 31. Bc4 Bd1 32. e5 fxe5 33. Bxe5 g6 34. f6 Nd5+ 35. Bxd5 cxd5 36. c6+ Ke8 37. Kf4 Ba4 38. c7 Bd7 39. Bd6 Kf7 40. Ke5 d4 41. b5 d3 42. Bb4 Bc8 43. Bc3 h6 44. Kf4 d2 45. Bxd2 Kxf6 46. Bc3+ Ke6 47. Bg7 g5+ 48. hxg5 hxg5+ 49. Ke4 Kd7 50. Be5 Bb7+ 51. Kf5 a6 52. bxa6 Bxa6 53. Kxg5 Ke6 54. Bh2 Kd5 55. Kf6 Kc4 56. Ke7 b5 57. Bd6 Kd5 58. Bb4 Kc6 59. Kd8 Bb7 60. c8=Q+ Bxc8 61. Kxc8 Kd5 62. Kb7 Kc4 63. Kb6 Kd5 64. Kxb5 Ke6 65. Kb6 Kd7 66. Kb7 Kd8 67. a4 Kd7 68. a5 1-0


[Site "https://www.chess.com"]

[Event "Titled Tuesday Blitz February 21 Late 2023"]
[White "Chemin, Justo Reinaldo"]
[Black "Delgado Rosas, Fatima Alexandra"]
[WhiteFideId "2101580"]
[BlackFideId "6603963"]
[WhiteElo "2040"]
[BlackElo "1500"]
[Result "1-0"]
[Round "03"]
[TimeControl "180+2"]
[Date "2023.02.21"]
[WhiteClock "0:01:25"]
[BlackClock "0:01:57"]

1. d4 Nf6 2. g4 Nxg4 3. e4 Nf6 4. e5 Nd5 5. c4 Nb6 6. Nc3 d6 7. f4 c5 8. d5 g6 9. Nf3 Bg4 10. Be2 Bh6 11. h3 Bh5 12. Ne4 Bxf3 13. Bxf3 Nxc4 14. Qa4+ Nd7 15. Qxc4 O-O 16. exd6 exd6 17. O-O Qh4 18. Bg2 Rad8 19. Qe2 Rfe8 20. Qf3 f5 21. Nxd6 Re1 22. Be3 Rxa1 23. Rxa1 Nf6 24. Nxb7 Rd7 25. Nxc5 Rd8 26. Rd1 Ne4 27. Nxe4 fxe4 28. Qxe4 1-0


[Site "https://www.chess.com"]

[Event "Titled Tuesday Blitz February 21 Late 2023"]
[White "Mitrovic, Darko R"]
[Black "Kovacs, Klara"]
[WhiteFideId "927023"]
[BlackFideId "733210"]
[WhiteElo "2220"]
[BlackElo "2121"]
[Result "0-1"]
[Round "03"]
[TimeControl "180+2"]
[Date "2023.02.21"]
[WhiteClock "0:00:07"]
[BlackClock "0:00:44"]

1. d4 e6 2. Nf3 Nf6 3. g3 c5 4. Bg2 Be7 5. O-O cxd4 6. Nxd4 d5 7. c4 O-O 8. cxd5 Nxd5 9. e4 Nb6 10. Nc3 e5 11. Ndb5 Nc6 12. Be3 Nc4 13. Bc1 Be6 14. b3 Nb6 15. Nd5 a6 16. Nbc7 Rc8 17. Nxe6 fxe6 18. Nxb6 Qxb6 19. Be3 Nd4 20. h4 Qb4 21. Qg4 Rf6 22. Rad1 Rcf8 23. h5 h6 24. Bxd4 exd4 25. e5 Rf5 26. Rxd4 Qb6 27. Rd2 Bg5 28. Re2 Kh8 29. Be4 Rxe5 30. Kg2 Qd4 31. Bf3 Qxg4 32. Bxg4 Rxe2 33. Bxe2 Rd8 34. Rd1 Rc8 35. Bd3 Kg8 36. Be4 Rc7 37. Re1 Kf7 38. Bg6+ Ke7 39. Bf5 Rc6 40. Be4 Rb6 41. Rd1 Bf6 42. Rc1 Be5 43. Kf3 Rb4 44. Rc8 0-1


[Site "https://www.chess.com"]

[Event "Titled Tuesday Blitz February 21 Late 2023"]
[White "Jesusesmifuerza"]
[Black "Jorajuria Mendoza, Algol"]
[BlackFideId "5128897"]
[WhiteElo "2009"]
[BlackElo "2069"]
[Result "0-1"]
[Round "03"]
[TimeControl "180+2"]
[Date "2023.02.21"]
[WhiteClock "0:00:01"]
[BlackClock "0:00:03"]

1. d4 d5 2. Nc3 Nf6 3. Bf4 e6 4. Nb5 Na6 5. e3 c6 6. Nc3 c5 7. Nb5 Bd7 8. c3 Qb6 9. a4 c4 10. Nf3 Bxb5 11. axb5 Qxb5 12. b3 Qxb3 13. Qxb3 cxb3 14. Bb5+ Ke7 15. Bxa6 bxa6 16. Rxa6 Ne4 17. Nd2 Nxc3 18. Nxb3 Kf6 19. O-O Be7 20. Rfa1 Ne2+ 21. Kf1 Nxf4 22. exf4 Rhb8 23. Nc5 Bxc5 24. dxc5 Rc8 25. c6 Rc7 26. Ke2 Rac8 27. Ke3 Kf5 28. f3 Rxc6 29. g4+ Kf6 30. Rxc6 Rxc6 31. Rxa7 Rc3+ 32. Ke2 Rc2+ 33. Ke3 Rxh2 34. g5+ Kg6 35. Ra3 h6 36. Ra7 Rb2 37. gxh6 gxh6 38. Rd7 h5 39. f5+ Kf6 40. fxe6 Kxe6 41. Rd8 h4 42. Rh8 Rb4 43. f4 h3 44. Kf2 Rb3 45. Rh5 d4 46. Re5+ Kf6 47. Rd5 d3 48. Kg1 Rb1+ 49. Kh2 Rb3 50. Kxh3 d2+ 51. Kg2 Rb2 52. Kf3 Ke6 53. Rd8 Kf5 54. Rd5+ Ke6 55. Rd8 Rb3+ 56. Ke2 Rb4 57. Kxd2 Rxf4 58. Ke2 Kf5 59. Rd5+ Ke4 60. Rd7 f5 61. Re7+ Kd4 62. Rd7+ Ke5 63. Re7+ Kf6 64. Ra7 Kg5 65. Ra5 Kg4 66. Ra8 Kg3 67. Rg8+ Rg4 68. Rf8 f4 69. Kf1 Rh4 70. Rg8+ Kf3 71. Ke1 Rh1+ 72. Kd2 Kf2 73. Rf8 f3 74. Rg8 Ra1 75. Rh8 Ra2+ 76. Kd1 Kf1 77. Rh1+ Kg2 78. Rh8 f2 79. Rg8+ Kf1 80. Rh8 Ra4 81. Kd2 Kg2 0-1


[Site "https://www.chess.com"]

[Event "Titled Tuesday Blitz February 21 Late 2023"]
[White "Lucassen, Mickey"]
[Black "Better_Chess_Faster"]
[WhiteFideId "12919110"]
[WhiteElo "2023"]
[BlackElo "1982"]
[Result "1-0"]
[Round "03"]
[TimeControl "180+2"]
[Date "2023.02.21"]
[WhiteClock "0:00:09"]
[BlackClock "0:01:13"]

1. d4 f5 2. g3 Nf6 3. Bg2 e6 4. c4 d5 5. Nc3 Bd6 6. Nf3 c6 7. O-O O-O 8. cxd5 exd5 9. Bf4 Ne4 10. Ne5 Be6 11. f3 Nf6 12. Qd2 Qe7 13. Rfe1 Nbd7 14. e4 fxe4 15. fxe4 Bxe5 16. dxe5 Nxe4 17. Nxe4 dxe4 18. Bxe4 Nc5 19. Bc2 Rad8 20. Qc3 Bd5 21. b4 Ne6 22. Be3 Qf7 23. Rf1 Qh5 24. Rad1 Rxf1+ 25. Rxf1 Qg4 26. Bf5 Qc4 27. Qxc4 Bxc4 28. Rf2 a6 29. Kg2 Rd1 30. a4 g6 31. Bg4 Rd3 32. Bh6 Rd8 33. Rf6 Nd4 34. e6 Re8 35. e7 Bf7 36. Rd6 Rxe7 37. Rxd4 Bd5+ 38. Kh3 Kf7 39. Rf4+ Ke8 40. Rf8# 1-0


[Site "https://www.chess.com"]

[Event "Titled Tuesday Blitz February 21 Late 2023"]
[White "Ruiz Aguilar, Pablo Alexander"]
[Black "Dias, Joao Batista"]
[WhiteFideId "4401352"]
[BlackFideId "2108240"]
[WhiteElo "2161"]
[BlackElo "1796"]
[Result "0-1"]
[Round "03"]
[TimeControl "180+2"]
[Date "2023.02.21"]
[WhiteClock "0:00:01"]
[BlackClock "0:00:36"]

1. e4 c5 2. Nf3 Nc6 3. d4 cxd4 4. Nxd4 g6 5. Nc3 Bg7 6. Be3 Nf6 7. Bc4 O-O 8. Bb3 e6 9. Ndb5 d5 10. exd5 exd5 11. Bxd5 Nxd5 12. Qxd5 Qxd5 13. Nxd5 Bxb2 14. Rb1 Bg7 15. O-O a6 16. Ndc7 Rb8 17. Na7 Bf5 18. Nxa6 bxa6 19. Nxc6 Rxb1 20. Rxb1 Bxc2 21. Rc1 Be4 22. Ne7+ Kh8 23. Rc8 Rxc8 24. Nxc8 Be5 25. f4 Bc7 26. Nb6 Kg7 27. Na4 Bd5 28. a3 Kf6 29. Nc5 Bd6 30. Bd4+ Ke7 31. a4 a5 32. g3 f6 33. Kf2 Bc6 34. Ke3 Kf7 35. h4 Bxc5 36. Bxc5 Bxa4 37. Bb6 Bd7 38. Bxa5 Ke6 39. Bc3 h5 40. Kf2 Kf5 41. Bb4 Bc6 42. Be7 Ke6 43. Bd8 Kf5 44. Be7 Bd5 45. Bd8 Ke6 46. Bc7 Kf5 0-1


[Site "https://www.chess.com"]

[Event "Titled Tuesday Blitz February 21 Late 2023"]
[White "Benmesbah, Natacha"]
[Black "Desideri, Ricardo Maruchi"]
[WhiteFideId "642002"]
[BlackFideId "2110440"]
[WhiteElo "2261"]
[BlackElo "1959"]
[Result "1-0"]
[Round "03"]
[TimeControl "180+2"]
[Date "2023.02.21"]
[WhiteClock "0:00:42"]
[BlackClock "0:00:02"]

1. e4 c5 2. Nf3 d6 3. Bb5+ Nd7 4. d4 cxd4 5. Qxd4 a6 6. Bxd7+ Bxd7 7. O-O Bc6 8. c4 e5 9. Qe3 Nf6 10. Nc3 Be7 11. Rd1 Qc7 12. a4 O-O 13. b3 Ng4 14. Qe2 Qb6 15. h3 Qxb3 16. Ra3 Qb6 17. hxg4 d5 18. Ra2 d4 19. Nd5 Bxd5 20. cxd5 Bd6 21. Bd2 Qb3 22. Raa1 Rac8 23. Rdb1 Qc2 24. Ne1 Qc7 25. Rc1 Qd7 26. Rxc8 Rxc8 27. a5 Qd8 28. Rb1 Qd7 29. Qd3 Qa4 30. Rxb7 Qa1 31. g3 1-0


[Site "https://www.chess.com"]

[Event "Titled Tuesday Blitz February 21 Late 2023"]
[White "Vaglio Munoz, Jaime"]
[Black "Shapiro, Bryan"]
[WhiteFideId "6500145"]
[BlackFideId "2087740"]
[WhiteElo "2174"]
[BlackElo "1972"]
[Result "1-0"]
[Round "03"]
[TimeControl "180+2"]
[Date "2023.02.21"]
[WhiteClock "0:02:20"]
[BlackClock "0:02:19"]

1. d4 Nf6 2. c4 e6 3. f3 d5 4. Nc3 b6 5. cxd5 exd5 6. e4 dxe4 7. fxe4 Nxe4 8. Nxe4 Qh4+ 9. Nf2 Bb4+ 10. Bd2 Bxd2+ 11. Qxd2 O-O 12. Nf3 Qe7+ 13. Be2 Re8 14. O-O Qxe2 15. Rae1 1-0


[Site "https://www.chess.com"]

[Event "Titled Tuesday Blitz February 21 Late 2023"]
[White "Paspuel, Trosky"]
[Black "Vargas, Mauricio"]
[WhiteFideId "3602150"]
[BlackFideId "4404572"]
[WhiteElo "1721"]
[BlackElo "2035"]
[Result "1-0"]
[Round "03"]
[TimeControl "180+2"]
[Date "2023.02.21"]
[WhiteClock "0:00:35"]
[BlackClock "0:00:01"]

1. c4 e5 2. g3 f5 3. Nc3 Nc6 4. Nf3 e4 5. Nh4 g6 6. d3 Nf6 7. dxe4 fxe4 8. Bg5 Bg7 9. Nxe4 O-O 10. Nxf6+ Bxf6 11. Bxf6 Qxf6 12. Nf3 g5 13. Qd2 g4 14. Qg5+ Kh8 15. Qxf6+ Rxf6 16. Nd2 d6 17. Bg2 Bf5 18. O-O Re8 19. Rae1 Rfe6 20. e4 Bg6 21. f4 gxf3 22. Nxf3 Bxe4 23. Ng5 Bxg2 24. Rxe6 Rxe6 25. Nxe6 Bxf1 26. Kxf1 Ne5 27. Nxc7 Nxc4 28. b3 Nd2+ 29. Ke2 Ne4 30. Nb5 a6 31. Ke3 Nxg3 32. Nxd6 Nf1+ 33. Kf2 Nxh2 34. Nxb7 Ng4+ 35. Kg3 Ne3 36. Nc5 a5 37. Nb7 a4 38. bxa4 Nc4 39. a5 Kg7 40. a6 1-0


[Site "https://www.chess.com"]

[Event "Titled Tuesday Blitz February 21 Late 2023"]
[White "Eliteplayer3"]
[Black "rikchessmx"]
[WhiteElo "1962"]
[BlackElo "2290"]
[Result "1-0"]
[Round "03"]
[TimeControl "180+2"]
[Date "2023.02.21"]
[WhiteClock "0:01:11"]
[BlackClock "0:01:58"]

1. e4 g6 2. d4 Bg7 3. Nf3 c5 4. c3 Nf6 5. Bd3 d6 6. O-O O-O 7. h3 Nc6 8. Be3 cxd4 9. Nxd4 Ne5 10. Be2 Nxe4 11. f4 Nc6 12. Bf3 d5 13. Nd2 Nxd4 14. cxd4 Nf6 15. Be2 Bf5 16. Nf3 Be4 17. Ne5 Nd7 18. Bd3 Nxe5 19. fxe5 Bxd3 20. Qxd3 Qb6 21. b3 Rac8 22. Rac1 Qa5 23. Qe2 e6 24. Qf2 Qa3 25. Rxc8 Rxc8 26. Qxf7+ Kh8 27. Qxe6 Rf8 28. Rxf8+ Qxf8 29. Qxd5 h5 30. Qxb7 Qf5 31. Qxa7 Qb1+ 32. Kh2 Qe4 33. Bf2 h4 34. Qf7 Bh6 35. Qe8+ Kh7 36. Qe7+ Kh8 37. Qxh4 1-0


[Site "https://www.chess.com"]

[Event "Titled Tuesday Blitz February 21 Late 2023"]
[White "tandercat"]
[Black "Liu, Casper"]
[BlackFideId "1454153"]
[WhiteElo "1858"]
[BlackElo "2278"]
[Result "0-1"]
[Round "03"]
[TimeControl "180+2"]
[Date "2023.02.21"]
[WhiteClock "0:00:01"]
[BlackClock "0:00:03"]

1. d4 Nf6 2. c4 e6 3. Nc3 d5 4. cxd5 exd5 5. Bg5 Be7 6. e3 O-O 7. Bd3 b6 8. Bxf6 Bxf6 9. Qh5 g6 10. Qxd5 Qxd5 11. Nxd5 Bd8 12. Rc1 Bb7 13. Be4 Na6 14. Nf6+ Bxf6 15. Bxb7 Nb4 16. Bxa8 Nd3+ 17. Kd2 Nxc1 18. Bd5 Rd8 19. Bxf7+ Kxf7 20. Kxc1 c5 21. dxc5 Rc8 22. Nf3 Rxc5+ 23. Kb1 Rb5 24. b3 a5 25. Rc1 a4 26. Rc7+ Kg8 27. Kc2 axb3+ 28. axb3 Ra5 29. Rc6 Ra2+ 30. Kd3 Kf7 31. Nd2 Bd8 32. f3 Ke7 33. g4 Kd7 34. Rc4 Bf6 35. f4 Rb2 36. e4 b5 37. Rc5 b4 38. e5 Be7 39. Rd5+ Kc6 40. Rd4 Bc5 41. Rc4 Kd5 42. h4 Be7 43. h5 gxh5 44. gxh5 h6 45. Rd4+ Ke6 46. Rc4 Kf5 47. Ke3 Bf8 48. Rc6 Be7 49. Rc7 Bf8 50. Rf7+ Kg4 51. Rxf8 Kxh5 52. e6 Rb1 53. e7 Re1+ 54. Kf3 Rxe7 55. Rg8 Rd7 56. Ne4 Rd3+ 57. Ke2 Rxb3 58. f5 Rb2+ 59. Kd3 Rb3+ 60. Kc4 Rf3 61. f6 Rf4 62. Kxb4 Rxe4+ 63. Kc5 Rf4 64. Rf8 Kg6 65. Kd6 h5 66. Rg8+ Kh7 67. Rf8 h4 68. Ke6 h3 69. Rc8 Kg6 0-1


[Site "https://www.chess.com"]